 Dungeon Crawl Stone Soup version 0.32-a0-913-g739538afd8 (webtiles) character file.

Game seed: 1058815705421341354

1368 petercordia4 the Trooper (level 8, -18/58 HPs)
             Began as an Octopode Shapeshifter on Apr 9, 2024.
             Demolished by Maggie
             ... wielding a +1 heavy halberd
              (22 damage)
             ... on level 6 of the Dungeon.
             The game lasted 00:10:58 (4954 turns).

petercordia4 the Trooper (Octopode Shapeshifter)    Turns: 4954, Time: 00:10:59

Health: -18/58     AC:  1    Str: 19    XL:     8   Next: 65%
Magic:  3/8        EV: 14    Int: 12    God:
Gold:   264        SH:  0    Dex: 14    Spells: 7/7 levels left

rFire   . .          .
                       - Unarmed
rCold   . . .        (no shield)
rNeg    . . .        (helmet currently unavailable)
rPois   .            (no amulet)
rElec   .            h - +6 ring of strength
rCorr   .            (no ring)
SInv    .            (no ring)
Will    .....        (no ring)
Stlth   ++++         (no ring)
HPRegen 0.29/turn    (no ring)
MPRegen 0.11/turn    (no ring)
                     (no ring)

%: no passive effects
@: beast-form, mesmerised, hasted, very quick
A: beast (slay +2), almost no armour, amphibious, 8 rings, camouflage 1,
gelatinous body 1, (nimble swimmer 1), tentacles
a: Begin Untransformation


You were on level 6 of the Dungeon.
You were a hulking beast.
You visited 1 branch of the dungeon, and saw 6 of its levels.

You collected 264 gold pieces.

Inventory:

Hand Weapons
 a - a +3 antimagic sling
Missiles
 i - 17 poisoned darts
 j - 3 atropa-tipped darts (quivered)
 k - 2 darts of dispersal
Jewellery
 h - a +6 ring of strength (left tentacle)
Talismans
 b - a beast talisman (active)
 c - a flux talisman
Scrolls
 d - a scroll of immolation {unknown}
 g - a scroll of teleportation {unknown}
 l - 4 scrolls of blinking {unknown}
 n - 4 scrolls of identify {unknown}
 q - a scroll of fog {unknown}
 r - a scroll of amnesia {unknown}
 s - a scroll of fear {unknown}
 t - a scroll of revelation {unknown}
 u - 2 scrolls of summoning {unknown}
 v - 2 scrolls of enchant weapon {unknown}
Potions
 e - 2 potions of resistance {unknown}
 f - 2 potions of curing {unknown}
 m - 4 potions of attraction {unknown}
 o - 2 potions of heal wounds {unknown}
 p - a potion of haste
 w - a potion of degeneration {unknown}
 x - a potion of berserk rage {unknown}
 z - a potion of ambrosia {unknown}


   Skills:
 * Level 6.5 Fighting
 + Level 4.9 Dodging
 + Level 6.3 Stealth
 - Level 3.2 Unarmed Combat
 + Level 5.0 Shapeshifting


You had 7 spell levels left.
You didn't know any spells.
Your spell library contained the following spells:

 Spells                   Type           Power      Damage    Failure   Level
 Call Canine Familiar     Summ           0%         N/A       69%         3
 Dazzling Flash           Conj/Hex       0%         N/A       69%         3
 Mephitic Cloud           Conj/Alch/Air  0%         N/A       69%         3
 Passwall                 Erth           0%         N/A       69%         3
 Sigil of Binding         Hex            0%         N/A       69%         3
 Tukima's Dance           Hex            0%         N/A       69%         3
 Volatile Blastmotes      Fire/Tloc      0%         2d10      69%         3
 Dimensional Bullseye     Hex/Tloc       0%         N/A       97%         4
 Passage of Golubria      Tloc           0%         N/A       97%         4
 Vhi's Electric Charge    Tloc/Air       0%         N/A       97%         4
 Arcjolt                  Conj/Air       0%         1d10      100%        5
 Curse of Agony           Necr           0%         N/A       100%        5
 Silence                  Hex/Air        0%         N/A       100%        5
 Yara's Violent Unravell  Hex/Alch       0%         3d3       100%        5
 Bombard                  Conj/Erth      0%         9d1       100%        6
 Plasma Beam              Fire/Air       0%         2x1d10    100%        6


Dungeon Overview and Level Annotations

Branches:
Dungeon (6/15)
 Temple: D:4-7

Altars:
Gozag
Uskayaw
Xom
Yredelemnul
Zin

Annotations:
D:4 2 transporters, exclusion: phantom
D:6 4 runed translucent doors, Autsider's ghost, novice MfIE; Crazy Yiuf; Maggie


Innate Abilities, Weirdness & Mutations

You are a hulking beast.
Your limbs bulge with bestial killing power. (Slay +2)
You cannot wear most types of armour.
You are amphibious.
You can wear up to eight rings at the same time.
Your skin changes colour to match your surroundings (Stealth+).
Your rubbery body absorbs attacks. (AC +1, EV +1)
((You are camouflaged when in or above water. (Stealth+)))
You have tentacles for arms and can constrict up to eight enemies at once.


Message History

You throw an atropa-tipped dart. The atropa-tipped dart hits Maggie.
Maggie appears confused.
You break out of your daze.
Maggie shouts!
Maggie seems less confused.
Unknown command.
You feel magic returning to you.
You are now empty-tentacled.
Things that are here:
a +0 flail; a +0 leather armour; an adder corpse You see here an atropa-tipped dart.
Unknown command.
Unknown command.
Unknown command.
You tentacle-slap Maggie. You grab Maggie.
Maggie is lightly wounded.
You constrict Maggie, but do no damage.
Maggie is no longer blind.
Maggie gestures wildly while chanting.
Maggie attempts to bespell you!
You are mesmerised by Maggie!
You tentacle-slap Maggie. You squeeze Maggie!
Maggie is moderately wounded.
You constrict Maggie.
Maggie hits you with a +1 heavy halberd!!
* * * LOW HITPOINT WARNING * * *
It was a potion of haste.
You feel yourself speed up.
You constrict Maggie!
An orc comes into view.
It is wielding a +0 club and wearing a +1 ring mail of fire resistance.
You tentacle-slap Maggie but do no damage.
Maggie is heavily wounded.
You constrict Maggie. Maggie closely misses you.
Unknown command.
You tentacle-slap Maggie.
Maggie is heavily wounded.
You constrict Maggie.
Unknown command.
You tentacle-slap Maggie but do no damage.
You squeeze Maggie, but do no damage.
Maggie is heavily wounded.
You constrict Maggie.
Maggie hits you with a +1 heavy halberd!!
You die...

#### .... ###### ..# .....
..... #.######..... #...
#............
###.########.######......#.....
.............ol@h().....)......
##..########.######......#(....
##..# #....<..#........## .#..#
########.##.####..### .#..###
#####.##.# #.....## ......#
#.....##.# #...#..# ....#.#
#.###.#..# #.##.##) ....#)# #.#
#.#.## #.#.♣.#) .#..#.# #.#
#.#.# #.##.##.


You could see Maggie (mesmerising), an iguana and an orc.

Vanquished Creatures
  Grinder (D:6)
  Menkaure (D:4)
  An orc warrior (D:6)
  An ogre (D:5)
  2 phantoms
  A scorpion (D:5)
  Dowan (D:4)
  A howler monkey (D:5)
  A jelly (D:6)
  2 orc priests (D:4)
  A bombardier beetle (D:6)
  5 hounds
  3 sleepcaps
  2 orc wizards
  Robin (D:4)
  6 adders
  A shadow imp (D:3)
  3 dart slugs
  A ribbon worm (D:2)
  8 orcs
  4 ball pythons
  9 endoplasms
  2 giant cockroaches
  19 goblins
  10 hobgoblins
  4 jackals
  5 quokkas
  5 bats
  5 frilled lizards
  6 kobolds
  7 rats
119 creatures vanquished.

Notes
Turn   | Place    | Note
-------+----------+-------------------------------------------
     0 | D:1      | petercordia4 the Octopode Shapeshifter began the quest for
                  | the Orb.
     0 | D:1      | Reached XP level 1. HP: 13/13 MP: 1/1
    91 | D:1      | Reached XP level 2. HP: 18/18 MP: 0/2
   119 | D:1      | Reached skill level 1 in Stealth
   448 | D:1      | Reached XP level 3. HP: 24/24 MP: 1/3
  1825 | D:2      | Reached XP level 4. HP: 30/30 MP: 1/4
  1893 | D:2      | Found a faded altar of an unknown god.
  2543 | D:3      | Reached XP level 5. HP: 20/36 MP: 1/5
  2914 | D:4      | Identified the +2 helmet "Lej Edd" {rPois MP+9}
  2914 | D:4      | Noticed Robin
  2939 | D:4      | Killed Robin
  3014 | D:4      | Noticed a phantom
  3090 | D:4      | Noticed Dowan
  3116 | D:4      | Killed Dowan
  3166 | D:5      | Entered Level 5 of the Dungeon
  3168 | D:5      | Noticed an ogre
  3177 | D:5      | Killed an ogre
  3178 | D:5      | Reached XP level 6. HP: 43/43 MP: 1/6
  3413 | D:4      | Found a transporter.
  3427 | D:4      | Reached XP level 7. HP: 49/49 MP: 2/7
  3431 | D:4      | Noticed Menkaure
  3440 | D:4      | Killed Menkaure
  3683 | D:4      | Found a transporter.
  3788 | D:5      | Reached skill level 5 in Fighting
  3792 | D:5      | Reached skill level 5 in Stealth
  3923 | D:5      | Found a basalt altar of Yredelemnul.
  3927 | D:5      | Found a glowing silver altar of Zin.
  3930 | D:5      | Found a hide-covered altar of Uskayaw.
  3983 | D:5      | Found a shimmering altar of Xom.
  4324 | D:6      | Reached XP level 8. HP: 46/56 MP: 2/8
  4511 | D:6      | Found a runed translucent gate.
  4511 | D:6      | Found a runed translucent gate.
  4511 | D:6      | Found a runed translucent gate.
  4513 | D:6      | Found an opulent altar of Gozag.
  4517 | D:6      | Noticed Autsider's ghost (novice MfIE)
  4664 | D:6      | Noticed Grinder
  4840 | D:6      | Killed Grinder
  4841 | D:6      | Reached skill level 5 in Shapeshifting
  4876 | D:6      | Found a runed translucent door.
  4878 | D:6      | Noticed Crazy Yiuf
  4898 | D:6      | Noticed Maggie
  4954 | D:6      | Demolished by Maggie

Illustrated notes

Levels and vault maps discovered:
D:1:      dpeg_arrival_morbid_curiosity, layout_basic
D:2:      layout_basic, shapermc_ecumenical_altar_hornbeckon,
          minmay_tetromino_l4
D:3:      layout_basic, minmay_vboxes
D:4:      layout_loops_ring, minmay_temple_entry_enclosed_plants,
          gammafunk_ghost_abyssal_escape, serial_forest,
          infiniplex_forest_3_way, infiniplex_forest_clump_long,
          infiniplex_forest_straight_2, infiniplex_forest_lined_2,
          infiniplex_forest_zigzag_2, infiniplex_forest_lined_3,
          infiniplex_forest_clump_tiny, infiniplex_forest_zigzag_1,
          uniq_menkaure, uniq_duvessa, uniq_robin
D:5:      layout_cave_pools, grunt_temple_overflow_cloverleaf
D:6:      layout_loops_ring, ebering_ghost_gozag, grunt_decor_one_mirror,
          chequers_serial_rivers_micro_c, uniq_grinder, uniq_maggie,
          uniq_prince_ribbit1, uniq_crazy_yiuf_cottage

Skill      XL: |  1  2  3  4  5  6  7  8 |
---------------+-------------------------+-----
Stealth        | 1 2 3 4 5 6 |  6.3
Fighting       | 2 3 4 5 6 |  6.5
Dodging        | 3 4 |  4.9
Shapeshifting  | 4 5 |  5.0
Unarmed Combat | |  3.2

Action                     |  1- 3 |  4- 6 |  7- 9 || total
---------------------------+-------+-------+-------++-------
  Melee: Unarmed           |       |    30 |    50 ||    80
         Constrict         |       |     9 |    11 ||    20
         Tentacles         |       |     3 |    19 ||    22
         Punch             |       |     1 |     2 ||     3
   Fire: Sling             |    80 |   110 |    98 ||   288
  Throw: Dart              |       |       |     2 ||     2
    Use: Potion            |       |     1 |     1 ||     2
 Armour: Skin              |     8 |    54 |    50 ||   112
  Dodge: Dodged            |    10 |    67 |    57 ||   134
         Form:             |     1 |       |       ||     1
         Beast             |     1 |       |       ||     1

Table legend: (Time is in decaauts)
 A = Elapsed time spent in this place.
 B = Non-inter-level travel time spent in this place.
 C = Inter-level travel time spent in this place.
 D = Time resting spent in this place.
 E = Time spent auto-exploring this place.
 F = Levels seen in this place.
 G = Mean time per level.
                   A        B        C        D        E       F      G
               +--------+--------+--------+--------+--------+-----+--------+
         Total |   5049 |   4839 |    210 |    232 |   3851 |   6 |  841.5 |
       Dungeon |   5049 |   4839 |    210 |    232 |   3851 |   6 |  841.5 |
               +--------+--------+--------+--------+--------+-----+--------+

Top non-repeatable levels by time:
     D:1: 1389 daAuts
     D:2: 953 daAuts
     D:5: 865 daAuts
     D:6: 642 daAuts
     D:3: 607 daAuts
     D:4: 591 daAuts
